Map: Triton LE

Players

Crocodile

  • Race: Terran Terran
  • League: Diamond
  • Spawn Location: 11:00

LGRod - Winner!

  • Race: Protoss Protoss
  • League: Diamond
  • Spawn Location: 5:00

VOD

Have the link to the VOD?

Description

Time

  • Played on: Oct. 16, 2019, 9:01 p.m.
  • Length: 5:55
Show
View Real Time Build Order
Export as new Build Order

Crocodile Terran 

Build Orders: Mech 

Get SALT Encoding   

  12  0:00  SCV  
  13  0:13  SCV  
  14  0:17  Supply Depot  
  14  0:25  SCV  
  15  0:39  SCV  
  15  0:40  Barracks  
  16  0:51  SCV  
  17  1:03  SCV  
  18  1:15  Command Center  
  19  1:18  SCV  
  19  1:28  Marine  
  20  1:33  Orbital Command  
  20  1:40  Bunker  
  20  1:46  Marine  
  21  1:50  Supply Depot  
  21  2:02  SCV  
  21  2:06  Refinery x2  
  21  2:07  Marine  
  23  2:17  SCV  
  24  2:25  Marine  
  24  2:28  Orbital Command  
  25  2:33  SCV  
  26  2:45  SCV  
  27  2:54  SCV  
  28  3:00  Factory, SCV  
  29  3:06  Barracks Reactor, SCV  
  29  3:12  SCV  
  31  3:18  Command Center  
  31  3:19  SCV  
  32  3:24  SCV  
  33  3:27  Refinery  
  33  3:29  Refinery  
  33  3:34  Engineering Bay  
  33  3:35  SCV  
  33  3:39  SCV  
  35  3:47  Marine x2  
  37  3:49  Starport, Factory Tech Lab  
  37  3:52  SCV x2  
  39  4:03  Supply Depot  
  39  4:04  SCV x2  
  39  4:05  Marine x2  
  43  4:12  Siege Tank  
  46  4:24  SCV x2, Marine x2  
  46  4:25  Starport Tech Lab  
  46  4:31  Orbital Command  
  50  4:40  SCV x2  
  50  4:45  Siege Tank  
  55  4:49  Marine x2  
  55  4:50  Raven  
  59  4:55  Missile Turret  
  59  4:59  Orbital Command  
  60  5:07  SCV x2  
  60  5:08  Marine x2  
  63  5:15  Missile Turret  
  63  5:18  Missile Turret  
  63  5:19  SCV x2  
  65  5:28  SCV  
  69  5:36  Factory  
  69  5:37  Factory  
  69  5:38  Armory  
  69  5:40  Armory  
Show
View Real Time Build Order
Export as new Build Order

LGRod Protoss - Winner!

Build Orders: 1 Gate Expand, Blink Stalkers 

Get SALT Encoding   

  12  0:00  Probe  
  13  0:12  Probe  
  14  0:18  Pylon  
  14  0:25  Probe (Chrono Boost)  
  15  0:37  Probe (Chrono Boost)  
  15  0:38  Gateway  
  15  0:41  Assimilator  
  16  0:45  Probe (Chrono Boost)  
  17  0:55  Probe  
  18  1:08  Probe  
  19  1:24  Nexus  
  19  1:27  Probe  
  20  1:35  Cybernetics Core  
  20  1:39  Probe  
  21  1:41  Assimilator  
  21  1:50  Pylon  
  21  1:52  Probe  
  22  2:05  Probe  
  23  2:17  Probe (Chrono Boost)  
  23  2:20  Warp Gate  
  24  2:23  Twilight Council  
  24  2:27  Probe (Chrono Boost), Adept  
  27  2:33  Probe (Chrono Boost)  
  27  2:36  Probe (Chrono Boost)  
  29  2:44  Probe (Chrono Boost)  
  31  2:46  Probe (Chrono Boost)  
  31  2:49  Probe (Chrono Boost)  
  32  2:53  Probe (Chrono Boost)  
  32  2:57  Probe  
  34  3:00  Blink  
  34  3:05  Probe (Chrono Boost)  
  35  3:09  Probe (Chrono Boost)  
  35  3:12  Gateway  
  36  3:13  Gateway  
  37  3:20  Robotics Facility  
  37  3:21  Probe (Chrono Boost)  
  37  3:23  Probe (Chrono Boost)  
  38  3:27  Probe (Chrono Boost)  
  38  3:30  Pylon, Probe (Chrono Boost)  
  40  3:35  Pylon  
  40  3:36  Probe  
  41  3:44  Probe  
  42  3:49  Nexus  
  42  3:50  Probe  
  43  4:02  Gateway  
  43  4:03  Gateway  
  43  4:04  Probe  
  43  4:05  Probe  
  45  4:12  Warp Prism (Chrono Boost)  
  45  4:16  Probe  
  48  4:22  Gateway  
  48  4:23  Gateway  
  48  4:30  Gateway  
  48  4:32  Pylon  
  48  4:40  Pylon  
  48  4:43  Gateway  
  48  4:45  Gateway  
  48  4:50  Pylon  
  48  4:58  Stalker x2  
  52  5:00  Stalker  
  54  5:07  Stalker x2  
  58  5:27  Stalker x3  
  58  5:28  Stalker x3  
  70  5:39  Stalker x3  
Tags
 
Add a new tag
Caveats
  • Supply blocks, unpowered buildings, or Contaminate may cause inaccurate times.
  • Supply counts are checked every 10 seconds.